 Dungeon Crawl Stone Soup version 0.19.1 (webtiles) character file.

90 Gargoyl the Skirmisher (level 4, -1/40 HPs)
             Began as a Draconian Abyssal Knight on Nov 30, 2016.
             Was a Believer of Lugonu.
             Hit by a tomahawk thrown by an orc (6 damage)
             ... on level 3 of the Dungeon.
             The game lasted 00:04:45 (2875 turns).

Gargoyl the Skirmisher (Draconian Abyssal Knight)   Turns: 2875, Time: 00:04:46

Health: -1/40      AC:  5    Str: 14 (16) XL:     4   Next: 32%
Magic:  5/5        EV:  9    Int: 13 (14) God:    Lugonu [**....]
Gold:   133        SH:  7    Dex:  8 (10) Spells: 0 memorised, 3 levels left

rFire  . . .     SeeInvis .     a - +1 hand axe
rCold  . . .     Gourm    .     (armour unavailable)
rNeg   . . .     Faith    .     h - +0 shield
rPois  .         Spirit   .     (helmet restricted)
rElec  .         Reflect  .     (no cloak)
rCorr  .         Harm     .     (no gloves)
MR     .....                    (no boots)
Stlth  +.........               (no amulet)
                                (no ring)
                                (no ring)

@: no status effects
A: unfitting armour, clever 1, cold-blooded, AC +5
a: Depart the Abyss, Bend Space, Renounce Religion


You were on level 3 of the Dungeon.
You worshipped Lugonu.
Lugonu was pleased with you.
You were not hungry.

You visited 1 branch of the dungeon, and saw 3 of its levels.
You visited the Abyss 1 time.

You collected 133 gold pieces.

Inventory:

Hand Weapons
 a - a +1 hand axe (weapon)
 d - a +2 scimitar of holy wrath
Armour
 h - a +0 shield (worn)
Scrolls
 c - 3 scrolls of random uselessness {unknown}
 e - a scroll of vulnerability {unknown}
 f - a scroll of immolation {unknown}
 k - a scroll of noise {unknown}
 m - a scroll of fog {unknown}
 o - 3 scrolls of identify {unknown}
 q - a scroll of remove curse {unknown}
Comestibles
 b - 3 bread rations
 g - 3 meat rations
 l - a beef jerky


   Skills:
 + Level 4.0 Fighting
 + Level 0.4 Long Blades
 + Level 3.1 Axes
 + Level 2.6 Dodging
 + Level 0.2 Stealth
 + Level 1.0 Shields
 + Level 2.3 Invocations


You had 3 spell levels left.
You didn't know any spells.

Dungeon Overview and Level Annotations

Branches:
Dungeon (3/15)

Altars:


Innate Abilities, Weirdness & Mutations

Your plain brown scales are hard. (AC +5)
You cannot fit into any form of body armour.
You are cold-blooded and may be slowed by cold attacks.
Your mind is acute. (Int +2)


Message History

You feel invigorated.
The leopard gecko bites you but does no damage.
The orc barely misses you.
The orc wizard points at you and mumbles some strange words.
The magic dart hits you!
The leopard gecko bites you but does no damage.
The orc closely misses you.
All of the chunks of flesh in your inventory have rotted away.
A rat comes into view.
The rat moves out of view.
Unknown command.
The orc throws a tomahawk.
The tomahawk closely misses you. The orc hits you but does no damage.
You are electrocuted!
* * * LOW HITPOINT WARNING * * *
Things that are here:
a tomahawk; a rat corpse You bump into the rock wall.
You feel less invigorated.
You feel less confused.
The orc throws a tomahawk.
The tomahawk hits you.
You die...

#. .. #. #.## ..#... ....
##.... .l... ....#
#...........o ...
#.......#.... ##.#
#.......#.##.##.@######
#.........#...oo#l....#.
#.............(..o....r..
#.#...#..................
#......(.................
#...<.........>.........#
#(.......................
#.......#................
#..#.##.##.............##


You could see 3 orcs, a leopard gecko and a rat.

Vanquished Creatures
  2 adders (D:2)
  2 oozes (D:1)
  2 leopard geckos
  7 bats
  4 giant cockroaches
  7 goblins
  5 hobgoblins
  13 jackals
  A quokka (D:2)
  A ball python (D:1)
  3 frilled lizards
  4 kobolds
  4 rats
55 creatures vanquished.

Notes
Turn   | Place    | Note
-------+----------+-------------------------------------------
     0 | Abyss:1  | Gargoyl the Draconian Abyssal Knight began the quest for the Orb.
     0 | Abyss:1  | Reached XP level 1. HP: 19/19 MP: 2/2
    54 | Abyss:2  | Noticed a guardian serpent
    91 | Abyss:2  | Noticed a ynoxinul
   192 | Abyss:3  | Noticed a flying skull
   193 | D:1      | Escaped the Abyss
   227 | D:1      | Reached * piety under Lugonu
   328 | D:1      | Reached XP level 2. HP: 3/26 MP: 3/3
   991 | D:1      | Reached XP level 3. HP: 21/33 MP: 4/4
  1580 | D:1      | Reached ** piety under Lugonu
  1811 | D:2      | Reached skill level 4 in Fighting
  2126 | D:2      | Reached XP level 4. HP: 26/40 MP: 5/5
  2649 | D:2      | Reached skill level 1 in Shields
  2868 | D:3      | Gained mutation: Your mind is acute. (Int +2) [potion of beneficial mutation]
  2874 | D:3      | HP: 1/40 [orc/dagger of electrocution (19)]
  2875 | D:3      | Hit by a tomahawk thrown by an orc

Skill      XL: |  1  2  3  4 |
---------------+-------------+-----
Axes           | 3 |  3.1
Fighting       | 4 |  4.0
Shields        | 1 |  1.0
Long Blades    | |  0.4
Dodging        | |  2.6
Stealth        | |  0.2
Invocations    | |  2.3

Action                   |  1- 3 |  4- 6 || total
-------------------------+-------+-------++-------
Melee: Hand axe          |   132 |    42 ||   174
       Scimitar          |     7 |       ||     7
       Tailslap          |    11 |     3 ||    14
Invok: Depart the Abyss  |     1 |       ||     1
  Use: Potion            |       |     3 ||     3
  Eat: Chunk             |     4 |     2 ||     6
Armor: Skin              |    65 |    27 ||    92
Dodge: Dodged            |    77 |    36 ||   113
Block: Shield            |    47 |    31 ||    78
